AoeStats
← unavezmasak

Glade

510453126Analyzed
1v1 RM · 18h ago on Oct 1, 2026· 26m 3s· 2 players
Game mode
Random Map
Map size
Tiny (2 player)
Population
200
Speed
Normal
Resources
Standard
Victory
Conquest
Starting age
Dark Age
Ending age
Imperial Age
RankedLock teamsTeams togetherTeam positionsShared explorationLock speedFull tech treeHidden civsTurbo modeCheats
Victory
Defeat
🇦🇷 Celts · Argentina
800
+17
🇺🇸 Huns · United States
812
-17
unavezmasak
9:31 Feudal Age
13:00 Double-Bit Axe
18:23 Castle Age
18:12 Forging
18:02 Scale Mail Armor
18:21 Stone Mining
18:46 Pikeman
23:41 Bow Saw
Rhomduil8014
10:14 Feudal Age
15:19 Castle Age
22:54 Man-at-Arms
Connection lost

Rejoining the realm…

Still unreachable

The connection could not be restored.

Session expired

The server has moved on; the page needs a fresh start.